 Dungeon Crawl Stone Soup version 0.21.1-1-g345015f (webtiles) character file.

2341 JeffiDaFish the Geomancer (level 9, 0/57 HPs)
             Began as a Gargoyle Earth Elementalist on Feb 7, 2018.
             Slain by a slime creature (13 damage)
             ... on level 7 of the Dungeon.
             The game lasted 00:21:37 (5937 turns).

JeffiDaFish the Geomancer (GrEE)                    Turns: 5937, Time: 00:21:37

Health: 0/57       AC: 15    Str: 14    XL:     9   Next: 43%
Magic:  8/20       EV: 13    Int: 19    God:
Gold:   333        SH:  0    Dex: 10    Spells: 7/23 levels left

rFire    . . .     SeeInvis .   h - +3 short sword
rCold    . . .     Gourm    .   (no shield)
rNeg     + . .     Faith    .   c - +2 robe
rPois    ∞         Spirit   .   (no helmet)
rElec    +         Reflect  .   q - +0 cloak
rCorr    .         Harm     .   s - +2 pair of gloves
MR       .....                  u - +0 pair of boots
Stlth    ++........             (no amulet)
HPRegen  0.19/turn              (no ring)
MPRegen  0.17/turn              (no ring)

@: very slightly contaminated
A: negative energy resistance 1, robust 1, electricity resistance, strong 1,
unbreathing, petrification resistance, rot immunity, AC +6
a: no special abilities


You were on level 7 of the Dungeon.
You were not hungry.

You visited 2 branches of the dungeon, and saw 8 of its levels.

You collected 333 gold pieces.

Inventory:

Hand Weapons
 h - a +3 short sword (weapon)
Missiles
 b - 24 stones (quivered)
Armour
 c - a +2 robe (worn)
 q - a +0 cloak (worn)
 s - a +2 pair of gloves (worn)
 u - a +0 pair of boots (worn)
Jewellery
 v - a +3 ring of strength {unknown}
Wands
 k - a wand of enslavement (11)
Scrolls
 a - a scroll of fear
 f - 2 scrolls of blinking
 g - 8 scrolls of identify
 j - 5 scrolls of remove curse
 l - a scroll of fog
 m - 2 scrolls of magic mapping
 n - 4 scrolls of teleportation
 r - a scroll of amnesia
Potions
 i - 5 potions of curing
 o - 3 potions of heal wounds
Books
 e - a book of Geomancy

   Spells                             Type                      Level
   a - Sandblast                      Earth                        1
   b - Passwall                       Transmutation/Earth          2
   c - Stone Arrow                    Conjuration/Earth            3
   d - Petrify                        Transmutation/Earth          4
   e - Lee's Rapid Deconstruction     Earth                        5
 p - a book of Conjurations

   Spells                             Type                      Level
   a - Magic Dart                     Conjuration                  1
   b - Searing Ray                    Conjuration                  2
   c - Dazzling Spray                 Conjuration/Hexes            3
   d - Fulminant Prism                Conjuration/Hexes            4
   e - Force Lance                    Conjuration/Translocation    4
   f - Iskenderun's Mystic Blast      Conjuration                  4
Comestibles
 d - 9 rations
 t - 8 chunks of flesh


   Skills:
 + Level 3.7 Fighting
 + Level 3.3 Dodging
 - Level 2.2 Stealth
 * Level 7.5 Spellcasting
 + Level 3.7 Conjurations
   Level 0.7 Transmutations
 + Level 9.1 Earth Magic


You had 7 spell levels left.
You knew the following spells:

 Your Spells              Type           Power        Failure   Level  Hunger
a - Sandblast             Erth           #####.       1%          1    None
b - Stone Arrow           Conj/Erth      ####..       1%          3    #......
c - Lee's Rapid Deconstr  Erth           #####.....   6%          5    #####..
d - Dazzling Spray        Conj/Hex       ##....       13%         3    #......
e - Iskenderun's Mystic   Conj           ###.....     21%         4    ###....


Dungeon Overview and Level Annotations

Branches:
Dungeon (7/15)             Temple (1/1) D:6

Altars:
Cheibriados
Dithmenos
Fedhas
Hepliaklqana
Kikubaaqudgha
Makhleb
Okawaru
Ru
Trog
Uskayaw
Wu Jian
Xom
Zin

Shops:
D:5 :   D:6 *


Innate Abilities, Weirdness & Mutations

You are resistant to torment.
Your stone body is resilient. (AC +6)
You are immune to poison.
You resist negative energy. (rN+)
You are resistant to electric shocks. (rElec)
You can survive without breathing.
You are immune to petrification.
You are immune to rotting.
You are robust. (+10% HP)
Your muscles are strong. (Str +2)


Message History

You completely miss the slime creature.
The slime creature is moderately wounded.
The slime creature hits you!
You puncture the slime creature!
The slime creature is heavily wounded.
The slime creature hits you.
You puncture the slime creature!
The slime creature is heavily wounded.
You hear two shouts!
The slime creature hits you!
You hit the slime creature.
The slime creature is heavily wounded.
You hear two shouts!
The slime creature hits you!
* * * LOW HITPOINT WARNING * * *
The slime creature barely misses you.
You barely miss the slime creature.
The slime creature is heavily wounded.
The slime creature hits you!
You die...

.#...##.)..#.....########
#######.#..#..##.##......
.######.#..#.............
......................###
.#.####.#..#...#....###..
........##.#.#....###...
................###..####
#.#####.......###........
#(# ####..###.@########
#.# ###...##..##J......?
#.####...###..##'##..####
..##...###..###..# #...
.....###..### ##.# #..
.).###..### ##:.# #
.###..### ##.).Y .').###
##J##S. .###..# ##.}.O##


You could see a slime creature.

Vanquished Creatures
  A troll (D:7)
  A yak (D:7)
  Sigmund (D:2)
  Menkaure (D:4)
  4 ice beasts
  A sky beast (D:7)
  An ogre (D:6)
  A centaur (D:5)
  2 bullfrogs
  A howler monkey (D:7)
  A crimson imp (D:7)
  2 bullfrog zombies
  A jelly (D:7)
  3 orc priests
  Crazy Yiuf (D:6)
  A gnoll shaman (D:6)
  2 bullfrog skeletons
  2 worker ants
  Jessica (D:2)
  Natasha (thrice) (D:2)
  An iguana (D:7)
  3 orc wizards
  10 gnolls
  7 adders
  An ooze (D:2)
  An adder skeleton (D:6)
  5 worms
  A dart slug (D:2)
  A leopard gecko (D:1)
  31 orcs
  A ball python (D:1)
  4 giant cockroaches
  10 goblins
  8 hobgoblins
  9 jackals
  5 quokkas
  11 bats
  5 frilled lizards
  A jackal zombie (D:7)
  7 kobolds
  A quokka zombie (D:5)
  7 rats
161 creatures vanquished.

Notes
Turn   | Place    | Note
-------+----------+-------------------------------------------
     0 | D:1      | JeffiDaFish the Gargoyle Earth Elementalist began the quest for the Orb.
     0 | D:1      | Reached XP level 1. HP: 10/10 MP: 3/3
    55 | D:1      | Reached skill level 4 in Earth Magic
    55 | D:1      | Reached XP level 2. HP: 15/15 MP: 0/5
   347 | D:1      | Reached XP level 3. HP: 13/19 MP: 1/6
   925 | D:2      | Learned a level 3 spell: Stone Arrow
   943 | D:2      | Noticed Natasha
   947 | D:2      | Killed Natasha
   947 | D:2      | Reached XP level 4. HP: 24/24 MP: 3/8
   987 | D:2      | Noticed Natasha
   989 | D:2      | Killed Natasha
   989 | D:2      | Reached skill level 5 in Earth Magic
  1191 | D:2      | Reached XP level 5. HP: 28/28 MP: 3/10
  1262 | D:2      | Learned a level 5 spell: Lee's Rapid Deconstruction
  1336 | D:2      | Noticed Natasha
  1340 | D:2      | Killed Natasha
  1470 | D:2      | Noticed Sigmund
  1479 | D:2      | Killed Sigmund
  1479 | D:2      | Reached skill level 6 in Earth Magic
  1479 | D:2      | Reached XP level 6. HP: 30/32 MP: 0/12
  1716 | D:2      | Noticed Jessica
  1721 | D:2      | Killed Jessica
  2034 | D:3      | Reached XP level 7. HP: 22/36 MP: 3/14
  2035 | D:3      | Reached skill level 7 in Earth Magic
  2170 | D:3      | Gained mutation: You are robust. (+10% HP) [potion of mutation]
  2170 | D:3      | Gained mutation: Your muscles are strong. (Str +2) [potion of mutation]
  2395 | D:3      | Reached skill level 5 in Spellcasting
  3158 | D:4      | Noticed Menkaure
  3163 | D:4      | Killed Menkaure
  3326 | D:4      | Reached skill level 8 in Earth Magic
  3496 | D:4      | Learned a level 3 spell: Dazzling Spray
  3683 | D:5      | Entered Level 5 of the Dungeon
  3687 | D:5      | Reached XP level 8. HP: 46/46 MP: 7/16
  3799 | D:5      | Found a shadowy altar of Dithmenos.
  3857 | D:5      | Reached skill level 1 in Fighting
  3857 | D:5      | Reached skill level 1 in Conjurations
  4015 | D:5      | Found Fiocufom's Book Shop.
  4251 | D:5      | Found a hazy altar of Hepliaklqana.
  4252 | D:5      | Found a shimmering altar of Xom.
  4253 | D:5      | Noticed a spectral ugly thing
  4480 | D:6      | Found an iron altar of Okawaru.
  4780 | D:6      | Found Ucofyn's Assorted Antiques.
  5070 | D:6      | Found a runed door.
  5074 | D:6      | Noticed Crazy Yiuf
  5080 | D:6      | Killed Crazy Yiuf
  5212 | D:6      | Found a staircase to the Ecumenical Temple.
  5226 | Temple   | Entered the Ecumenical Temple
  5504 | D:7      | Reached XP level 9. HP: 48/53 MP: 8/19
  5512 | D:7      | Learned a level 4 spell: Iskenderun's Mystic Blast
  5766 | D:7      | Noticed a troll
  5768 | D:7      | Killed a troll
  5768 | D:7      | Reached skill level 9 in Earth Magic
  5907 | D:7      | Noticed a two-headed ogre
  5937 | D:7      | Slain by a slime creature

Skill      XL: |  1  2  3  4  5  6  7  8  9 |
---------------+----------------------------+-----
Earth Magic    | 4 5 6 8 9 |  9.1
Spellcasting   | 3 4 5 6 7 |  7.5
Fighting       | 2 3 |  3.7
Conjurations   | 2 3 |  3.7
Dodging        | 2 3 |  3.3
Stealth        | |  2.2
Transmutations | |  0.7

Action                   |  1- 3 |  4- 6 |  7- 9 || total
-------------------------+-------+-------+-------++-------
Melee: Unarmed           |    22 |       |       ||    22
       Dagger            |    32 |    19 |       ||    51
       Short sword       |       |    33 |   186 ||   219
 Cast: Sandblast         |    32 |    31 |    56 ||   119
       Stone Arrow       |       |    10 |    22 ||    32
       Lee's Rapid Decon |       |       |    13 ||    13
       Dazzling Spray    |       |       |     1 ||     1
  Use: Potion            |     2 |     1 |     5 ||     8
       Scroll            |     2 |     9 |     5 ||    16
 Stab: Sleeping          |     2 |     3 |       ||     5
  Eat: Chunk             |       |     5 |    17 ||    22
Armor: Robe              |    21 |    21 |   111 ||   153
Dodge: Dodged            |    41 |    39 |    99 ||   179
